 Dungeon Crawl Stone Soup version 0.29-a0-330-g52719c12eb (webtiles) character file.

Game seed: 3396301067460283081

9720 Ajdolov the Magician (level 11, -2/74 HPs)
             Began as a Demigod Air Elementalist on Apr 14, 2022.
             Slain by a yaktaur captain (18 damage)
             ... on level 10 of the Dungeon.
             The game lasted 00:32:19 (13861 turns).

Ajdolov the Magician (Demigod Air Elementalist)    Turns: 13861, Time: 00:32:19

Health: -2/74      AC: 12    Str:  9    XL:     11   Next: 6%
Magic:  10/27      EV: 12    Int: 35    God:
Gold:   607        SH:  0    Dex: 14    Spells: 17/25 levels left

rFire   . . .      SeeInvis +   a - +4 spear (vamp)
rCold   . . .      Faith    .   (no shield)
rNeg    . . .      Spirit   .   j - +5 robe of Nihilism {+Inv rCorr SInv}
rPois   .          Reflect  .   J - +0 helmet
rElec   .          Harm     .   (no cloak)
rCorr   +          Rampage  .   l - +0 pair of gloves
Will    ++...                   n - +2 pair of boots
Stlth   ++........              (no amulet)
HPRegen 0.22/turn               h - ring of willpower
MPRegen 0.20/turn               r - +6 ring of intelligence

@: about to teleport
A: high MP 1, forlorn, divine attributes
a: Evoke Invisibility


You were on level 10 of the Dungeon.
You visited 1 branch of the dungeon, and saw 10 of its levels.

You collected 751 gold pieces.
You spent 144 gold pieces at shops.

Inventory:

Hand Weapons
 a - a +4 vampiric spear (weapon)
Missiles
 s - 4 throwing nets
Armour
 j - the +5 robe of Nihilism (worn) {+Inv rCorr SInv}
   (You found it on level 2 of the Dungeon)

   SInv:      It lets you see invisible.
   +Inv:      It lets you turn invisible.
   rCorr:     It protects you from acid and corrosion.
 l - a +0 pair of gloves (worn)
 n - a +2 pair of boots (worn)
 J - a +0 helmet (worn)
Magical Staves
 b - a staff of conjuration
Jewellery
 h - a ring of willpower (left hand)
 r - a +6 ring of intelligence (right hand)
 t - a ring of willpower
 v - a +6 ring of intelligence
 B - a ring of ice
Wands
 d - a wand of iceblast (4)
 w - a wand of flame (7)
 z - a wand of digging (5)
 F - a wand of polymorph (7)
 O - a wand of charming (4)
Scrolls
 c - a scroll of blinking
 f - 3 scrolls of fear
 i - 5 scrolls of fog
 k - 2 scrolls of noise {unknown}
 m - 2 scrolls of immolation
 y - 2 scrolls of vulnerability {unknown}
 C - a scroll of amnesia
 D - 2 scrolls of enchant weapon
 I - 2 scrolls of identify
 K - a scroll of enchant armour {unknown}
Potions
 e - a potion of attraction
 g - a potion of heal wounds {unknown}
 o - 3 potions of haste
 p - a potion of flight
 q - 3 potions of degeneration
 u - a potion of curing
 x - a potion of berserk rage
 A - a potion of lignification
 E - a potion of cancellation
 H - 2 potions of magic
 L - a potion of invisibility
 M - 3 potions of might {unknown}


   Skills:
 - Level 6.0 Polearms
 - Level 1.7 Dodging
 - Level 1.7 Stealth
 + Level 7.9 Spellcasting
 * Level 7.3 Conjurations
 - Level 5.0 Translocations
 + Level 2.1 Fire Magic
 - Level 5.0 Air Magic
 - Level 7.3 Earth Magic


You had 17 spell levels left.
You knew the following spells:

 Your Spells              Type           Power      Damage    Failure   Level
a - Shock                 Conj/Air       100%       1d9       1%          1
b - Stone Arrow           Conj/Erth      100%       3d13      1%          3
c - Iskenderun's Mystic   Conj/Tloc      55%        2d12      2%          4

Your spell library contained the following spells:

 Spells                   Type           Power      Damage    Failure   Level
 Static Discharge         Conj/Air       55%        N/A       1%          2
 Dazzling Flash           Conj/Hex       78%        N/A       1%          3
 Gell's Gravitas          Tloc           48%        N/A       1%          3
 Lesser Beckoning         Tloc           48%        N/A       1%          3
 Swiftness                Air            49%        N/A       1%          3
 Teleport Other           Tloc           48%        N/A       1%          3
 Beastly Appendage        Tmut           26%        N/A       3%          1
 Airstrike                Air            24%        N/A       3%          4
 Wereblood                Tmut           13%        N/A       4%          2
 Animate Armour           Summ/Erth      78%        N/A       7%          4
 Ozocubu's Armour         Ice            13%        N/A       10%         3
 Spider Form              Tmut/Pois      13%        N/A       10%         3
 Starburst                Conj/Fire      23%        6d8       56%         6
 Metabolic Englaciation   Hex/Ice        6%         N/A       65%         5
 Simulacrum               Ice/Necr       6%         N/A       99%         6
 Lehudib's Crystal Spear  Conj/Erth      30%        10d8      100%        8


Dungeon Overview and Level Annotations

Branches:
Dungeon (10/15)            Temple (0/1) D:4            Lair (0/6) D:8
    Orc (0/2) D:10

Shops:
D:9 [(

Annotations:
D:5 exclusions: centaur, kobold and kobold brigand, Duvessa


Innate Abilities, Weirdness & Mutations

You have an increased reservoir of magic. (+10% MP)
You shall have no god before yourself.
Your divine heritage dramatically boosts your attributes as you level up.


Message History

Press: ? - help, Shift-Dir - straight line, f/p - boulder beetle
Aim: a boulder beetle (lightly wounded, 89% to hit)
You throw a curare-tipped dart.
The curare-tipped dart hits the boulder beetle.
The boulder beetle is poisoned.
The boulder beetle convulses.
The boulder beetle seems to slow down.
The boulder beetle is moderately wounded.
The boulder beetle bites you!!
Casting: Stone Arrow (safe; 1% risk of failure)
Confirm with . or Enter, or press ? or * to list all spells.
Aiming: Stone Arrow (safe; 1% risk of failure)
Press: ? - help, Shift-Dir - straight line, f/p - boulder beetle
Aim: a boulder beetle (moderately wounded, very poisoned, slow, 100% to hit)
The stone arrow hits the boulder beetle but does no damage.
The boulder beetle is moderately wounded.
Unknown command.
Casting: Stone Arrow (safe; 1% risk of failure)
Confirm with . or Enter, or press ? or * to list all spells.
You don't know that spell.
Unknown command.
Casting: Stone Arrow (safe; 1% risk of failure)
Confirm with . or Enter, or press ? or * to list all spells.
You erupt in a blast of force!
The mystic blast hits the boulder beetle but does no damage.
The boulder beetle is moderately wounded.
Unknown command.
Casting: Iskenderun's Mystic Blast (dangerous; 2% risk of failure)
Confirm with . or Enter, or press ? or * to list all spells.
You erupt in a blast of force!
The mystic blast hits the boulder beetle but does no damage.
The boulder beetle is heavily wounded.
The boulder beetle leaps!
A yaktaur captain comes into view.
The yaktaur captain hits you!!
* * * LOW HITPOINT WARNING * * *
You see here a +0 mace.
Unknown command.
As you read the scroll of teleportation, it crumbles to dust.
You feel strangely unstable. The yaktaur captain hits you!!
You die...

....#...#...#.....P.P≈≈≈≈
....#########....P...♣≈♣ ♣.
....#............P....≈♣P..
....#...............♣..♣...
....#........###...........
...)########## #...........
............# ###.........
............# #.#.........
.......##...# #@#.........
....###.#...# #c#.#........
....#.)####.# #.###B.......
#######...#.# #.#..........
#....###### ###..........
#####....)# ............
#############........ #|.
#####...# ### ...#


You could see a yaktaur captain.

Vanquished Creatures
  A hydra (D:9)
  Erica (D:8)
  A centaur warrior (D:9)
  An orc knight (D:10)
  A gargoyle (D:10)
  A troll (D:5)
  A hornet (D:10)
  A shadow (D:9)
  Sigmund (D:3)
  6 yaks
  A wyvern (D:8)
  A human (D:7)
  4 hogs (D:7)
  2 basilisks
  4 vampire mosquitoes (D:8)
  An acid dragon (D:9)
  2 water moccasins
  4 orc warriors (D:9)
  2 ice beasts
  A sky beast (D:7)
  5 centaurs
  A phantom (D:5)
  4 kobold brigands
  2 necrophages
  3 scorpions
  3 bullfrogs
  2 gnoll sergeants
  5 wights (D:8)
  Dowan (D:5)
  9 killer bees
  8 orc priests
  2 gnoll shamans
  2 iguanas
  5 orc wizards
  3 hell rats (D:8)
  16 gnolls
  A river rat (D:8)
  9 adders
  A shadow imp (D:6)
  2 white imps (D:7)
  A dart slug (D:4)
  35 orcs
  5 endoplasms
  5 giant cockroaches
  3 goblins (D:3)
  5 hobgoblins
  14 jackals
  5 quokkas
  8 ball pythons
  6 bats
  4 frilled lizards
  27 kobolds
  2 rats
241 creatures vanquished.

Vanquished Creatures (others)
  17 plants
17 creatures vanquished.

Grand Total: 258 creatures vanquished

Notes
Turn   | Place    | Note
-------+----------+-------------------------------------------
     0 | D:1      | Ajdolov the Demigod Air Elementalist began the quest for
                  | the Orb.
     0 | D:1      | Reached XP level 1. HP: 14/14 MP: 5/5
   114 | D:1      | Reached skill level 1 in Conjurations
   658 | D:2      | Reached XP level 2. HP: 20/20 MP: 4/7
   971 | D:2      | Identified the +5 robe of Nihilism {+Inv rCorr SInv}
  1284 | D:2      | Reached XP level 3. HP: 10/26 MP: 2/8
  1881 | D:3      | Reached XP level 4. HP: 33/33 MP: 4/9
  2227 | D:3      | Noticed Sigmund
  2236 | D:3      | Killed Sigmund
  2237 | D:3      | Reached XP level 5. HP: 24/38 MP: 8/10
  2553 | D:3      | Reached skill level 5 in Air Magic
  2732 | D:3      | Reached XP level 6. HP: 32/45 MP: 9/11
  2916 | D:3      | Learned a level 3 spell: Stone Arrow
  3176 | D:4      | HP: 1/45 [orc priest/divine providence (13)]
  3180 | D:4      | Reached skill level 1 in Earth Magic
  4087 | D:4      | Found a staircase to the Ecumenical Temple.
  4497 | D:5      | Entered Level 5 of the Dungeon
  4555 | D:5      | Reached XP level 7. HP: 50/50 MP: 12/12
  4603 | D:5      | Noticed a troll
  4667 | D:5      | Killed a troll
  4668 | D:5      | Reached skill level 1 in Polearms
  5323 | D:5      | Reached skill level 5 in Earth Magic
  5670 | D:5      | Noticed Dowan
  5675 | D:5      | Noticed Duvessa
  5699 | D:5      | Killed Dowan
  6318 | D:6      | Reached XP level 8. HP: 47/57 MP: 14/14
  7583 | D:7      | Reached skill level 5 in Spellcasting
  7583 | D:7      | Reached XP level 9. HP: 16/62 MP: 2/20
  8178 | D:7      | Reached skill level 5 in Polearms
  9660 | D:8      | Noticed Erica
  9669 | D:8      | Killed Erica
  9698 | D:8      | Learned a level 4 spell: Iskenderun's Mystic Blast
  9818 | D:8      | Found a staircase to the Lair.
  9820 | D:8      | Noticed a death yak
  9821 | D:8      | Noticed a death yak
  9825 | D:8      | Noticed a death yak
 10008 | D:8      | Reached XP level 10. HP: 69/69 MP: 16/24
 10347 | D:8      | Reached skill level 1 in Translocations
 10349 | D:8      | Reached skill level 5 in Conjurations
 11333 | D:9      | Found Kiniufrih's Antique Weapon Shop.
 11423 | D:9      | Found Qeak Noi's Antique Armour Shoppe.
 11429 | D:9      | Bought a helmet for 144 gold pieces
 11507 | D:9      | Noticed a six-headed hydra
 11618 | D:9      | Killed a six-headed hydra
 11854 | D:9      | Noticed a centaur warrior
 11870 | D:9      | Killed a centaur warrior
 11871 | D:9      | Reached skill level 1 in Fire Magic
 13133 | D:10     | Entered Level 10 of the Dungeon
 13133 | D:10     | Found a staircase to the Orcish Mines.
 13445 | D:10     | Noticed an orc knight
 13467 | D:10     | Killed an orc knight
 13468 | D:10     | Reached skill level 5 in Translocations
 13468 | D:10     | Reached XP level 11. HP: 23/74 MP: 6/27
 13715 | D:10     | Identified the +0 dagger of the Philosopher {vorpal, rN++}
 13845 | D:10     | Noticed a boulder beetle
 13860 | D:10     | Noticed a yaktaur captain
 13861 | D:10     | Slain by a yaktaur captain

Illustrated notes

Levels and vault maps discovered:
D:1:      scummos_arrival_star, layout_basic
D:2:      layout_basic, hex_intersection
D:3:      layout_basic, basic_ecumenical_altar, skrybe_limestone_x,
          grunt_ministairs_6, uniq_sigmund
D:4:      layout_basic, kennysheep_little_box, elyvilon_altar_5,
          minmay_temple_entry_junction, chequers_mini_garden,
          grunt_ministairs_7, amcnicky_mini_corridor_feature, minmay_misc_feat_x
D:5:      layout_basic, uniq_duvessa
D:6:      layout_rooms
D:7:      layout_loops_ring, grunt_livestock
D:8:      layout_loops_cross, nemelex_spade_bored_becter, dpeg_lair_monsters,
          uniq_erica
D:9:      layout_roguey, serial_shops, nicolae_shop_overgrown_old_shop,
          nicolae_square_shop, hangedman_glass_teeth, minmay_shattered_shrine
D:10:     minmay_chopped_fan, layout_grid_maze, evilmike_ruin_ashenzari,
          david_orc_3, serial_bayou, serial_bayou_pond_a, serial_bayou_crossing,
          serial_bayou_pond_d, serial_bayou_pond_d, kennysheep_generic_room_9

Skill      XL: |  1  2  3  4  5  6  7  8  9 10 11 |
---------------+----------------------------------+-----
Conjurations   | 1 2 3 4 7 |  7.3
Air Magic      | 3 4 5 |  5.0
Earth Magic    | 3 5 6 7 |  7.3
Polearms       | 2 4 5 6 |  6.0
Spellcasting   | 2 5 7 |  7.9
Translocations | 5 |  5.0
Fire Magic     | 1 2 |  2.1
Dodging        | |  1.7
Stealth        | |  1.7

Action                   |  1- 3 |  4- 6 |  7- 9 | 10-12 || total
-------------------------+-------+-------+-------+-------++-------
Melee: Spear             |    67 |   108 |   235 |    45 ||   455
       Punch             |     1 |       |     4 |     2 ||     7
       Staff             |       |       |       |     1 ||     1
Throw: Dart              |       |       |       |     3 ||     3
 Cast: Shock             |    52 |    35 |    62 |    52 ||   201
       Stone Arrow       |       |       |    68 |   101 ||   169
       Iskenderun's Myst |       |       |       |     8 ||     8
Evoke: Wand              |       |     2 |       |     1 ||     3
  Use: Potion            |     3 |     1 |     2 |     1 ||     7
       Scroll            |       |       |    11 |     5 ||    16
 Stab: Sleeping          |     1 |     2 |     2 |       ||     5
Armor: Robe              |    25 |    48 |    86 |    44 ||   203
Dodge: Dodged            |    58 |    70 |   127 |    62 ||   317

Table legend: (Time is in decaauts)
 A = Elapsed time spent in this place.
 B = Non-inter-level travel time spent in this place.
 C = Inter-level travel time spent in this place.
 D = Time resting spent in this place.
 E = Time spent auto-exploring this place.
 F = Levels seen in this place.
 G = Mean time per level.
                   A        B        C        D        E       F      G
               +--------+--------+--------+--------+--------+-----+--------+
         Total |  13831 |  13456 |    375 |   3019 |   7975 |  10 | 1383.1 |
       Dungeon |  13831 |  13456 |    375 |   3019 |   7975 |  10 | 1383.1 |
               +--------+--------+--------+--------+--------+-----+--------+

Top non-repeatable levels by time:
     D:9: 2408 daAuts
     D:8: 1856 daAuts
     D:7: 1845 daAuts
     D:3: 1679 daAuts
     D:5: 1654 daAuts
     D:4: 1228 daAuts
     D:2: 1036 daAuts
     D:6: 972 daAuts
     D:1: 652 daAuts
    D:10: 497 daAuts
